 Dungeon Crawl Stone Soup version 0.18.1-48-g4cf74bf (webtiles) character file.

4111 Lennu the Protected (level 10, -5/88 HPs)
             Began as a Minotaur Fighter on June 29, 2016.
             Was an Initiate of Qazlal.
             Killed from afar by an electric eel (8 damage)
             ... with a bolt of electricity
             ... on level 8 of the Dungeon.
             The game lasted 00:32:32 (7928 turns).

Lennu the Protected (Minotaur Fighter)              Turns: 7928, Time: 00:32:33

Health: -5/88      AC: 21    Str: 26    XL:     10   Next: 6%
Magic:  10/10      EV: 12    Int:  7    God:    Qazlal [......]
Gold:   463        SH:  0    Dex: 10    Spells: 0 memorised, 11 levels left

rFire  . . .     SeeInvis +     w - +0 dire flail
rCold  . . .     Gourm    .     M - +9 chain mail "Samp" {rC- Int+2 Slay+2}
rNeg   . . .     Faith    .     (shield currently unavailable)
rPois  +         Spirit   .     (helmet restricted)
rElec  .         Dismiss  .     (no cloak)
rCorr  .         Reflect  .     F - +0 pair of gloves
SustAt .         Harm     .     (no boots)
MR     +....                    (no amulet)
Stlth  ..........               E - ring of see invisible
                                j - ring of protection from magic

@: somewhat resistant to hostile enchantments, extremely unstealthy
A: retaliatory headbutt, horns 2, repulsion field 1, cold resistance 1, poison
resistance, strong 1, wild magic 1
a: Renounce Religion


You were on level 8 of the Dungeon.
You worshipped Qazlal.
Qazlal was noncommittal.
You were not hungry.

You visited 2 branches of the dungeon, and saw 9 of its levels.
You also visited: Sewer.

You collected 463 gold pieces.

Inventory:

Hand Weapons
 a - a +0 flail
 w - a +0 dire flail (weapon)
Missiles
 r - a steel tomahawk (quivered)
Armour
 b - a +0 chain mail of cold resistance
 c - a +0 shield
 F - a +0 pair of gloves (worn)
 M - the +9 chain mail "Samp" (worn) {rC- Int+2 Slay+2}
   (You found it on level 8 of the Dungeon)

   It affects your intelligence (+2).
   It affects your accuracy and damage with ranged weapons and melee attacks
   (+2).
   It makes you vulnerable to cold.
Jewellery
 j - a ring of protection from magic (left hand)
 E - a ring of see invisible (right hand)
Wands
 o - a wand of flame (25/48)
 s - a wand of random effects (34/48)
Scrolls
 e - 2 scrolls of remove curse
 k - 5 scrolls of identify {unknown}
 l - a scroll of amnesia {unknown}
 m - a scroll of fear {unknown}
 v - 4 scrolls of teleportation {unknown}
 x - 2 scrolls of recharging {unknown}
 y - 3 scrolls of enchant armour {unknown}
 z - 4 scrolls of random uselessness {unknown}
 A - 2 scrolls of magic mapping {unknown}
 C - 4 scrolls of blinking {unknown}
 H - 2 scrolls of enchant weapon {unknown}
 K - a scroll of holy word {unknown}
Potions
 d - 3 potions of might
 f - 2 potions of invisibility {unknown}
 i - 2 potions of haste
 n - 2 potions of degeneration
 q - a potion of heal wounds
 u - a potion of cancellation {unknown}
 D - 3 potions of mutation {unknown}
Books
 L - a book of Alchemy

   Spells                             Type                      Level
   a - Sublimation of Blood           Necromancy                   2
   b - Ignite Poison                  Fire/Transmutation/Poison    3
   c - Petrify                        Transmutation/Earth          4
   d - Alistair's Intoxication        Transmutation/Poison         5
   e - Irradiate                      Conjuration/Transmutation    5
Comestibles
 g - 2 meat rations
 h - 2 royal jellies
 p - 4 fruits
 G - 4 beef jerkies
 I - 2 bread rations
 J - 8 slices of pizza


   Skills:
 * Level 8.1 Fighting
 * Level 8.8 Maces & Flails
 + Level 0.2 Throwing
 * Level 9.1 Armour
 * Level 5.7 Dodging
 * Level 8.8 Shields
 - Level 1.1 Spellcasting


You had 11 spell levels left.
You didn't know any spells.

Dungeon Overview and Level Annotations

Branches:
Dungeon (8/15)             Temple (1/1) D:7
   Lair: D:8-11

Altars:
Ashenzari
Cheibriados
Dithmenos
Elyvilon
Fedhas
Gozag
Kikubaaqudgha
Makhleb
Nemelex Xobeh
Okawaru
Pakellas
Qazlal
Ru
Sif Muna
Trog
Xom
Yredelemnul
Zin
The Shining One


Innate Abilities, Weirdness & Mutations

You reflexively headbutt those who attack you in melee.
You have a pair of horns on your head.
You are surrounded by a mild repulsion field (EV +2).
Your flesh is cold resistant.
Your system is resistant to poisons.
Your muscles are strong. (Str +2)
Your spells are a little harder to cast, but a little more powerful.


Message History

The electric eel shoots out a bolt of lightning at you!
The bolt of electricity misses you.
You enter the shallow water.
Moving in this stuff is going to be slow.
The electric eel shoots out a bolt of lightning at you!
The bolt of electricity hits you!
* * * LOW HITPOINT WARNING * * *
The electric eel shoots out a bolt of lightning at you!
The bolt of electricity hits you!
* * * LOW HITPOINT WARNING * * *
The electric eel shoots out a bolt of lightning at you!
The bolt of electricity hits you!
The electric eel shoots out a bolt of lightning at you!
The bolt of electricity hits you!
* * * LOW HITPOINT WARNING * * *
The electric eel shoots out a bolt of lightning at you!
The bolt of electricity misses you.
The electric eel shoots out a bolt of lightning at you!
The bolt of electricity hits you!
You die...

≈≈.≈.≈≈≈≈≈≈.# #....####.
..≈≈≈≈..≈≈;≈..# #.##.## #.
..≈≈≈≈.≈≈.;;..# #.###†## #.
.≈≈≈≈≈.≈;;....# .#.##...## #.
.≈≈≈≈≈(≈≈≈≈...##.#.#.....###.
≈≈≈≈.≈.≈≈≈.≈≈................
..≈≈.≈.≈≈≈.≈...###.#....[....
...≈...≈≈..≈≈..# #.##........
............@..# #.##........
..............## #.##........
#..#########)#####.##........
# #..(†.............
#.#...............
#.#####.##........ #.#
#........... ..# ####........
### ##...#...


You could see 5 electric eels.

Vanquished Creatures
  A troll (D:8)
  Sigmund (D:4)
  A human (D:7)
  A yak (D:7)
  The ghost of Lennu the Chiller, an amateur MfIE (D:3)
  Duvessa (D:5)
  An orc warrior (D:6)
  3 ice beasts
  2 ogres (D:4)
  3 sky beasts
  2 black bears (D:8)
  A phantom (D:6)
  2 wolves (D:8)
  A centaur (D:8)
  A big kobold (D:7)
  2 giant frogs
  Dowan (D:5)
  A water moccasin zombie (D:8)
  3 scorpions
  3 killer bees (D:7)
  5 wights (D:7)
  A crimson imp (D:5)
  2 jellies (D:7)
  7 hounds
  Jessica (D:2)
  5 iguanas
  Ijyb (D:2)
  Terence (D:2)
  3 orc wizards
  Natasha (thrice) (D:2)
  2 worker ants
  3 sheep (D:7)
  3 hound skeletons
  4 gnolls (D:4)
  11 adders
  4 river rats (D:3)
  3 oozes
  2 adder zombies
  An adder skeleton (D:6)
  2 worms
  2 dart slugs
  3 giant geckos
  17 orcs
  6 bats
  6 giant cockroaches
  11 goblins
  4 hobgoblins
  19 jackals
  2 quokkas
  5 ball pythons
  A giant gecko skeleton (D:4)
  4 giant newts
  15 kobolds
  2 quokka skeletons
  3 rats
  9 plants (Sewer)
205 creatures vanquished.

Notes
Turn   | Place    | Note
--------------------------------------------------------------
     0 | D:1      | Lennu the Minotaur Fighter began the quest for the Orb.
     0 | D:1      | Reached XP level 1. HP: 19/19 MP: 0/0
    52 | D:1      | Reached XP level 2. HP: 27/27 MP: 1/1
   135 | D:1      | Reached skill level 4 in Armour
   457 | D:2      | Noticed Terence
   464 | D:2      | Killed Terence
   464 | D:2      | Reached XP level 3. HP: 30/33 MP: 2/2
   510 | D:2      | Noticed Ijyb
   534 | D:2      | Killed Ijyb
   534 | D:2      | Reached XP level 4. HP: 30/40 MP: 3/3
   591 | D:2      | Noticed Natasha
   600 | D:2      | Killed Natasha
   600 | D:2      | Reached skill level 1 in Dodging
   813 | D:2      | Noticed Jessica
   825 | D:2      | Killed Jessica
   825 | D:2      | Reached XP level 5. HP: 34/46 MP: 4/4
   938 | D:2      | Reached skill level 5 in Shields
   950 | D:2      | Noticed Natasha
   954 | D:2      | Killed Natasha
  1023 | D:2      | Noticed Natasha
  1034 | D:2      | Killed Natasha
  1645 | D:3      | Found a glowing drain.
  1686 | Sewer    | Entered a sewer
  1977 | Sewer    | Reached XP level 6. HP: 53/53 MP: 6/6
  2261 | Sewer    | Reached skill level 5 in Armour
  2792 | D:3      | Found a basalt altar of Yredelemnul.
  2941 | D:3      | Found an ancient bone altar of Kikubaaqudgha.
  2941 | D:3      | Found a sparkling altar of Nemelex Xobeh.
  3130 | D:3      | Noticed Lennu's ghost (amateur MfIE)
  3139 | D:3      | HP: 1/53 [Lennu's ghost/Freeze (8)]
  3143 | D:3      | Killed Lennu's ghost
  3143 | D:3      | Reached skill level 1 in Spellcasting
  3449 | D:3      | Found a white marble altar of Elyvilon.
  3497 | D:3      | Found an iron altar of Okawaru.
  3497 | D:3      | Found a bloodstained altar of Trog.
  3564 | D:4      | Reached skill level 5 in Fighting
  3564 | D:4      | Reached XP level 7. HP: 22/61 MP: 7/7
  3808 | D:4      | Reached skill level 6 in Armour
  4169 | D:4      | Noticed Sigmund
  4193 | D:4      | Killed Sigmund
  4340 | D:4      | Reached skill level 5 in Maces & Flails
  4345 | D:4      | Reached XP level 8. HP: 52/68 MP: 8/8
  4494 | D:5      | Entered Level 5 of the Dungeon
  4980 | D:5      | Noticed Duvessa
  4982 | D:5      | Noticed Dowan
  4997 | D:5      | Killed Duvessa
  5002 | D:5      | Killed Dowan
  5002 | D:5      | Reached skill level 7 in Armour
  5658 | D:6      | Gained mutation: Your spells are a little harder to cast, but a little more powerful. [mutagenic meat]
  5659 | D:6      | Gained mutation: Your flesh is cold resistant. [mutagenic meat]
  5660 | D:6      | Gained mutation: You tend to lose your temper in combat. [mutagenic meat]
  5891 | D:6      | Noticed a cacodemon
  5892 | D:6      | Found a burning altar of Makhleb.
  5896 | D:6      | Found a glowing silver altar of Zin.
  5896 | D:6      | Noticed an angel
  5993 | D:6      | Found a sacrificial altar of Ru.
  6076 | D:6      | Reached XP level 9. HP: 68/78 MP: 9/9
  6426 | D:7      | Gained mutation: Your system is resistant to poisons. [mutagenic meat]
  6463 | D:7      | Reached skill level 8 in Armour
  6827 | D:7      | Reached skill level 5 in Dodging
  6897 | D:7      | Found a staircase to the Ecumenical Temple.
  6906 | Temple   | Entered the Ecumenical Temple
  6951 | Temple   | Became a worshipper of Xom of Chaos
  7280 | D:7      | XOM: mild Conj miscast
  7281 | D:7      | XOM: harmless Pois miscast
  7486 | D:8      | XOM: give mutations
  7486 | D:8      | Lost mutation: You tend to lose your temper in combat. [Xom's mischief]
  7486 | D:8      | Gained mutation: Your muscles are strong. (Str +2) [Xom's mischief]
  7486 | D:8      | Gained mutation: You are surrounded by a mild repulsion field (EV +2). [Xom's mischief]
  7513 | D:8      | Got a jasper-encrusted chain mail
  7524 | D:8      | Identified the +9 chain mail "Samp" {rC- Int+2 Slay+2} (You found it on level 8 of the Dungeon)
  7541 | D:8      | Found a stormy altar of Qazlal.
  7545 | D:8      | Fell from the grace of Xom
  7545 | D:8      | Became a worshipper of Qazlal Stormbringer
  7556 | D:8      | Found a shattered altar of Ashenzari.
  7640 | D:8      | Noticed a troll
  7659 | D:8      | Killed a troll
  7659 | D:8      | Reached skill level 9 in Armour
  7669 | D:8      | Reached XP level 10. HP: 42/88 MP: 10/10
  7927 | D:8      | HP: 3/88 [electric eel/bolt of electricity (8)]
  7928 | D:8      | Killed from afar by an electric eel

Skill      XL: |  1  2  3  4  5  6  7  8  9 |
---------------+----------------------------+-----
Shields        | 4 5 6 7 8 |  8.8
Armour         | 4 5 6 7 9 |  9.1
Fighting       | 4 5 6 8 |  8.1
Dodging        | 1 2 3 4 5 |  5.7
Maces & Flails | 3 5 6 8 |  8.8
Spellcasting   | 1 |  1.1
Throwing       | |  0.2

Action                   |  1- 3 |  4- 6 |  7- 9 | 10-12 || total
-------------------------+-------+-------+-------+-------++-------
Melee: Flail             |    64 |   386 |   289 |       ||   739
       Headbutt          |    16 |    87 |    76 |     2 ||   181
       Dire flail        |       |       |   118 |    13 ||   131
Throw: Tomahawk          |       |     1 |     1 |       ||     2
  Use: Potion            |       |     2 |     8 |       ||    10
       Scroll            |       |       |     1 |       ||     1
  Eat: Chunk             |       |     2 |    15 |     1 ||    18
       Bread ration      |       |     2 |     1 |       ||     3
Armor: Scale mail        |    49 |    84 |    49 |       ||   182
       Plate armour      |       |       |   121 |       ||   121
       Chain mail        |       |       |    22 |    10 ||    32
Dodge: Dodged            |    33 |    90 |   140 |    10 ||   273
Block: Shield            |    39 |   134 |   151 |       ||   324
